 Dungeon Crawl Stone Soup version 0.30-a0-918-g0ff054e9dc (webtiles) character file.

Game seed: 14314674431611287943

277 cforsyth the Shield-Bearer (level 6, 0/48 HPs)
             Began as a Human Fighter on Mar 21, 2023.
             Succumbed to a gnoll sergeant's poison
             ... on level 5 of the Dungeon.
             The game lasted 00:02:54 (1972 turns).

cforsyth the Shield-Bearer (Human Fighter)          Turns: 1972, Time: 00:02:55

Health: 0/48       AC:  7    Str: 24    XL:     6   Next: 51%
Magic:  6/6        EV:  9    Int:  9    God:
Gold:   146        SH:  5    Dex: 12    Spells: 5/5 levels left

rFire   . . .      SeeInvis .    a - +0 flail
rCold   + . .      Faith    .    c - +0 buckler
rNeg    . . .      Spirit   .    b - +0 scale mail
rPois   .          Reflect  .    (no helmet)
rElec   .          Rampage  .    (no cloak)
rCorr   .                        (no gloves)
Will    .....                    (no boots) Stlth
                                 (no amulet)
HPRegen 0.28/turn                k - +6 ring of strength
MPRegen 0.10/turn                i - ring of protection from cold

@: lethally poisoned (0 -> -4), on berserk cooldown, attractive, slowed, very
slow
A: no striking features
a: no special abilities


You were on level 5 of the Dungeon.
You visited 1 branch of the dungeon, and saw 5 of its levels.

You collected 146 gold pieces.

Inventory:

Hand Weapons
 a - a +0 flail (weapon)
Armour
 b - a +0 scale mail (worn)
 c - a +0 buckler (worn)
Jewellery
 i - a ring of protection from cold (right hand)
 k - a +6 ring of strength (left hand)
Scrolls
 h - a scroll of poison {unknown}
 j - a scroll of teleportation {unknown}
 l - a scroll of identify {unknown}
 m - a scroll of magic mapping {unknown}
Potions
 d - a potion of might


   Skills:
 + Level 4.2 Fighting
 + Level 3.5 Maces & Flails
 + Level 4.2 Armour
 + Level 4.2 Shields


You had 5 spell levels left.
You didn't know any spells.
Your spell library contained the following spells:

 Spells                   Type           Power      Damage    Failure   Level
 Apportation              Tloc           0%         N/A       77%         1
 Tukima's Dance           Hex            0%         N/A       98%         3
 Passage of Golubria      Tloc           0%         N/A       100%        4
 Alistair's Intoxication  Tmut/Pois      0%         N/A       100%        5
 Yara's Violent Unravell  Hex/Tmut       0%         3d3       100%        5


Dungeon Overview and Level Annotations

Branches:
Dungeon (6/15)
 Temple: D:4-7

Altars:
Xom


Message History

You are too injured to fight recklessly!
It was a potion of attraction.
You feel attractive to monsters.
* * * LOW HITPOINT WARNING * * *
You feel very sick. You block the gnoll sergeant's attack.
It was a potion of berserk rage.
A red film seems to cover your vision as you go berserk!
You feel yourself moving faster!
You feel mighty!
* * * LOW HITPOINT WARNING * * *
You feel very sick. The gnoll sergeant barely misses you.
You sock the gnoll sergeant!
The gnoll sergeant is severely wounded.
* * * LOW HITPOINT WARNING * * *
You feel very sick. The gnoll sergeant closely misses you.
You sock the gnoll sergeant!
You kill the gnoll sergeant!
* * * LOW HITPOINT WARNING * * *
You feel sick.
You are too berserk!
There is a lethal amount of poison in your body!
Unknown command.
There is a lethal amount of poison in your body!
* * * LOW HITPOINT WARNING * * *
You feel sick.
Unknown command.
You feel a strong urge to attack something.
* * * LOW HITPOINT WARNING * * *
You feel sick.
* * * LOW HITPOINT WARNING * * *
You feel sick.
You feel your anger nearly subside.
You are no longer berserk.
You are exhausted.
You feel yourself slow down.
* * * LOW HITPOINT WARNING * * *
You feel sick.
Okay, then.
You die...

.......###.##########.#
.......'.........####g#
.......#.#.#####.#....#
.......#.#....##.#.####
.......#.####....#.#
.......'.......###.#
.......#.......# #.#
+#####.###########.#
.............)..@#.#
..........#..).)...#
..........##.###.###
..........##.# #.#
..........##.# #.#
..........##.# #.#
..........##.. ...
..........#### #.#
##.......## #.#


There were no monsters in sight!

Vanquished Creatures
  An ogre (D:5)
  A gnoll sergeant (D:5)
  2 orc wizards (D:6)
  4 gnolls
  A worm (D:2)
  3 dart slugs
  2 orcs (D:6)
  5 ball pythons
  3 bats
  5 goblins
  3 hobgoblins
  5 kobolds
  2 quokkas
  4 rats
41 creatures vanquished.

Notes
Turn   | Place    | Note
-------+----------+-------------------------------------------
     0 | D:1      | cforsyth the Human Fighter began the quest for the Orb.
     0 | D:1      | Reached XP level 1. HP: 18/18 MP: 1/1
   129 | D:1      | Reached XP level 2. HP: 24/24 MP: 2/2
   480 | D:1      | Reached XP level 3. HP: 28/29 MP: 3/3
   711 | D:2      | Found a shimmering altar of Xom.
  1220 | D:3      | You fall into a shaft and drop 3 floors!
  1244 | D:6      | Reached XP level 4. HP: 27/35 MP: 4/4
  1432 | D:5      | Entered Level 5 of the Dungeon
  1564 | D:6      | Reached XP level 5. HP: 28/42 MP: 5/5
  1779 | D:5      | Noticed an ogre
  1796 | D:5      | Killed an ogre
  1797 | D:5      | Reached XP level 6. HP: 28/48 MP: 6/6
  1970 | D:5      | HP: 3/72 [poisoned by a gnoll sergeant]
  1971 | D:5      | HP: 1/48 [poisoned by a gnoll sergeant]
  1972 | D:5      | Succumbed to a gnoll sergeant's poison

Illustrated notes

Levels and vault maps discovered:
D:1:      lightli_arrival_chessboard, layout_basic
D:2:      layout_loops_ring, basic_altar, st_stairs_10,
          kennysheep_generic_room_9
D:3:      layout_rooms, item_on_display_a, uniq_sigmund, uniq_terence
D:5:      minmay_goblin_kobold_castle, layout_basic, serial_shops,
          nicolae_shop_trees, roderic_roman_lattice, minmay_misc_feat_tiny,
          uniq_crazy_yiuf_cottage
D:6:      layout_cave_pools, general_overflow_altar,
          mainiacjoe_overflow_24_doors, minitemple, overflow_temple_1_default,
          roderic_batcave

Skill      XL: |  1  2  3  4  5 |
---------------+----------------+-----
Maces & Flails | 3 |  3.5
Fighting       | 4 |  4.2
Armour         | 4 |  4.2
Shields        | 4 |  4.2

Action                     |  1- 3 |  4- 6 || total
---------------------------+-------+-------++-------
  Melee: Flail             |    85 |    48 ||   133
    Use: Potion            |       |     3 ||     3
 Armour: Scale mail        |    36 |    10 ||    46
  Dodge: Dodged            |    36 |    19 ||    55
  Block: Buckler           |    20 |    11 ||    31

Table legend: (Time is in decaauts)
 A = Elapsed time spent in this place.
 B = Non-inter-level travel time spent in this place.
 C = Inter-level travel time spent in this place.
 D = Time resting spent in this place.
 E = Time spent auto-exploring this place.
 F = Levels seen in this place.
 G = Mean time per level.
                   A        B        C        D        E       F      G
               +--------+--------+--------+--------+--------+-----+--------+
         Total |   1994 |   1953 |     41 |    520 |   1038 |   5 |  398.8 |
       Dungeon |   1994 |   1953 |     41 |    520 |   1038 |   5 |  398.8 |
               +--------+--------+--------+--------+--------+-----+--------+

Top non-repeatable levels by time:
     D:2: 639 daAuts
     D:1: 604 daAuts
     D:6: 507 daAuts
     D:5: 243 daAuts
